 Dungeon Crawl Stone Soup version 0.30-a0-368-g86fb4627a9 (webtiles) character file.

Game seed: 10456030579562321667

1547 qeuew the Skirmisher (level 8, -3/48 HPs)
             Began as a Tengu Hunter on Nov 18, 2022.
             Was an Initiate of Gozag.
             Slain by a scorpion (6 damage)
             ... in an ossuary.
             The game lasted 00:05:58 (4547 turns).

qeuew the Skirmisher (Tengu Hunter)                 Turns: 4547, Time: 00:06:00

Health: -3/48      AC:  6    Str: 12    XL:     8   Next: 87%
Magic:  9/9        EV: 15    Int: 10    God:    Gozag
Gold:   231        SH:  0    Dex: 19    Spells: 7/7 levels left

rFire   . . .      SeeInvis .    e - +0 falchion
rCold   . . .      Faith    .    (no shield)
rNeg    . . .      Spirit   .    j - +0 ring mail
rPois   .          Reflect  .    (helmet restricted)
rElec   .          Harm     .    (no cloak)
rCorr   .          Rampage  .    (no gloves)
Will    +....                    (boots unavailable)
Stlth   +.........               (no amulet)
HPRegen 0.28/turn                k - ring of willpower
MPRegen 0.11/turn                (no ring)

@: lethally poisoned (-3 -> -17), gold aura, flying quickly and evasively, quick
A: beak, talons 3, nimble flight
a: Renounce Religion, Potion Petition, Call Merchant, Bribe Branch


You were in an ossuary.
You worshipped Gozag.
Gozag was aware of your devotion.
You visited 2 branches of the dungeon, and saw 7 of its levels.
You also visited: Ossuary.

You collected 347 gold pieces.
You paid 116 gold pieces to Gozag.

Inventory:

Hand Weapons
 a - a +0 shortbow of draining
 e - a +0 falchion (weapon)
Missiles
 h - a throwing net
Armour
 j - a +0 ring mail (worn)
Jewellery
 k - a ring of willpower (left hand)
Scrolls
 b - 2 scrolls of enchant armour
 d - a scroll of fear
 f - a scroll of teleportation
 i - a scroll of amnesia
Potions
 c - a potion of attraction {unknown}
 l - a potion of brilliance
 o - a potion of ambrosia


   Skills:
 + Level 4.7 Fighting
 + Level 4.3 Long Blades
 * Level 8.3 Ranged Weapons
 + Level 4.5 Armour
 + Level 5.2 Dodging
 - Level 1.0 Stealth


You had 7 spell levels left.
You didn't know any spells.
Your spell library contained the following spells:

 Spells                   Type           Power      Damage    Failure   Level
 Blink                    Tloc           0%         N/A       77%         2
 Static Discharge         Conj/Air       0%         2-2/arc   77%         2
 Call Canine Familiar     Summ           0%         N/A       94%         3
 Ignite Poison            Fire/Tmut/Pois 0%         N/A       94%         3
 Kindle Blastsparks       Fire/Tloc/Air  0%         2d10      94%         3
 Portal Projectile        Hex/Tloc       0%         N/A       94%         3
 Vhi's Electric Charge    Tloc/Air       0%         N/A       94%         3
 Leda's Liquefaction      Hex/Erth       0%         N/A       100%        4
 Manifold Assault         Tloc           0%         N/A       100%        4
 Summon Ice Beast         Ice/Summ       0%         N/A       100%        4
 Arcjolt                  Conj/Air       0%         1d10      100%        5
 Freezing Cloud           Conj/Ice/Air   0%         6-21      100%        5
 Lightning Bolt           Conj/Air       0%         1d11      100%        5
 Summon Mana Viper        Hex/Summ       0%         N/A       100%        5
 Monstrous Menagerie      Summ           0%         N/A       100%        7
 Storm Form               Tmut/Air       0%         N/A       100%        7


Dungeon Overview and Level Annotations

Branches:
Dungeon (6/15)             Temple (1/1) D:4         Ossuary (1/1)

Altars:
Ashenzari
Elyvilon
Fedhas
Gozag
Hepliaklqana
Kikubaaqudgha
Makhleb
Nemelex Xobeh
Okawaru
Qazlal
Ru
Sif Muna
Trog
Uskayaw
Vehumet
Wu Jian
Xom
Yredelemnul
Zin
The Shining One


Innate Abilities, Weirdness & Mutations

You have a beak for a mouth.
You have claws for feet.
Your magical nature lets you fly swiftly and evasively.


Message History

The human zombie is no longer distracted by gold.
The human zombie is moderately damaged.
The scorpion closely misses you.
You closely miss the human zombie.
The human zombie is moderately damaged.
The scorpion barely misses you. The human zombie hits you.
The scorpion barely misses you. x2
You closely miss the human zombie.
You claw the human zombie, but do no damage.
You peck the human zombie.
The human zombie is moderately damaged.
The scorpion closely misses you. The human zombie completely misses you.
The scorpion closely misses you. The scorpion stings you.
You are poisoned.
The scorpion poisons you!
You hit the human zombie. You claw the human zombie.
Your peck misses the human zombie.
The human zombie is heavily damaged.
You feel very sick. The scorpion misses you.
The human zombie barely misses you. The scorpion barely misses you.
You barely miss the human zombie.
You claw the human zombie, but do no damage.
The human zombie is heavily damaged.
You feel very sick.
The scorpion stings you but does no damage.
The scorpion stings you. The human zombie barely misses you.
The scorpion stings you.
* * * LOW HITPOINT WARNING * * *
You are lethally poisoned!
The scorpion poisons you!
You barely miss the human zombie.
The human zombie is heavily damaged.
* * * LOW HITPOINT WARNING * * *
You feel very sick.
The scorpion misses you. x2; The human zombie hits you.
* * * LOW HITPOINT WARNING * * *
The scorpion stings you.
You die...
Your body crumbles into a pile of gold.

#...#...#...#.....#.....#
##'#######'###########'##
#...#...#...#...#...#...#
#...'...8...#...'...'...#
#...#.......#$.$#...#...#
######8...8###'##########
#!.M#.......#...#...#M..#
#...#...8...#..s8...#!.?#
#??.#...#...#.@ZZ...#!.=#
##+###########8ss.8###+##
.ZZ....# '...8...+
.#...#...# ###########


You could see 3 scorpions, a hobgoblin zombie, an orc zombie and 2 human
zombies.

Vanquished Creatures
  An ice beast (D:6)
  2 ogres
  A centaur (D:4)
  A phantom (D:5)
  6 scorpions
  3 howler monkeys
  5 hounds
  A human zombie (Ossuary)
  3 iguanas
  3 orc wizards (D:5)
  6 scorpion zombies (Ossuary)
  2 mummies (Ossuary)
  6 adders
  2 white imps (D:5)
  An ufetubus (D:4)
  2 worms
  4 dart slugs
  7 orcs
  7 ball pythons
  5 bats
  3 endoplasms
  4 giant cockroaches
  9 hobgoblins
  6 jackals
  3 quokkas
  4 frilled lizards (D:1)
  4 goblins
  A goblin zombie (Ossuary)
  A hobgoblin zombie (Ossuary)
  4 kobolds
  2 kobold zombies (Ossuary)
  3 orc zombies (Ossuary)
  6 rats
118 creatures vanquished.

Notes
Turn   | Place    | Note
-------+----------+-------------------------------------------
     0 | D:1      | qeuew the Tengu Hunter began the quest for the Orb.
     0 | D:1      | Reached XP level 1. HP: 12/12 MP: 2/2
   125 | D:1      | Reached XP level 2. HP: 17/17 MP: 3/3
   362 | D:1      | Reached skill level 1 in Armour
   407 | D:1      | You fall into a shaft and drop 1 floor!
   414 | D:2      | Reached XP level 3. HP: 21/21 MP: 4/4
  1370 | D:3      | Reached skill level 5 in Ranged Weapons
  1518 | D:3      | Reached XP level 4. HP: 27/27 MP: 5/5
  1826 | D:4      | Reached skill level 1 in Long Blades
  1826 | D:4      | Gained mutation: Your magical nature lets you fly swiftly
                  | and evasively. [Tengu growth]
  1826 | D:4      | Reached XP level 5. HP: 31/31 MP: 6/6
  1949 | D:4      | Noticed a centaur
  1969 | D:4      | Killed a centaur
  1970 | D:4      | Reached XP level 6. HP: 35/37 MP: 7/7
  1971 | D:4      | Reached skill level 6 in Ranged Weapons
  2050 | D:4      | Found a staircase to the Ecumenical Temple.
  2133 | Temple   | Entered the Ecumenical Temple
  2340 | D:4      | Identified the +1 short sword "Leviticus" {vorpal, rPois
                  | rC+}
  2622 | D:5      | Entered Level 5 of the Dungeon
  2765 | D:5      | Reached XP level 7. HP: 41/41 MP: 8/8
  3335 | D:5      | Reached skill level 7 in Ranged Weapons
  3431 | D:5      | Reached XP level 8. HP: 48/48 MP: 9/9
  3589 | D:5      | Found a blossoming altar of Fedhas.
  3992 | D:6      | Found an opulent altar of Gozag.
  3999 | D:6      | Found an opulent altar of Gozag.
  3999 | D:6      | Found an opulent altar of Gozag.
  4008 | D:6      | Became a worshipper of Gozag Ym Sagoz the Greedy
  4109 | D:6      | Found a sand-covered staircase.
  4150 | Ossuary  | Entered an ossuary
  4199 | Ossuary  | Reached skill level 5 in Dodging
  4314 | Ossuary  | Reached skill level 8 in Ranged Weapons
  4547 | Ossuary  | Slain by a scorpion

Illustrated notes

Levels and vault maps discovered:
D:1:      amcnicky_arrival_feature_with_door, layout_loops_ring,
          chequers_serial_rivers_small_a, minmay_misc_feat_alley
D:2:      layout_basic
D:3:      layout_rooms
D:4:      layout_basic, temple_fountains, serial_park_tiny_pond, hex_large,
          minmay_misc_feat_nine_boxes
D:5:      layout_basic, lemuel_doored_altar
D:6:      layout_cave_pools, nicolae_gozag_conspicuous_consumption,
          nicolae_ossuary_entry_false_entrances, item_on_display_a
Temple:   regret_index_temple_mists
Ossuary:  ossuary_minmay_scorpions

Skill      XL: |  1  2  3  4  5  6  7  8 |
---------------+-------------------------+-----
Armour         | 1 2 3 4 |  4.5
Ranged Weapons | 5 6 7 8 |  8.3
Long Blades    | 1 2 3 4 |  4.3
Dodging        | 3 4 5 |  5.2
Fighting       | 3 4 |  4.7
Stealth        | |  1.0

Action                   |  1- 3 |  4- 6 |  7- 9 || total
-------------------------+-------+-------+-------++-------
Melee: Falchion          |       |    11 |    61 ||    72
       Peck              |       |     3 |    12 ||    15
       Kick              |       |     4 |    31 ||    35
 Fire: Shortbow          |    95 |    69 |   188 ||   352
  Use: Scroll            |     5 |     5 |     1 ||    11
       Potion            |     1 |     2 |     4 ||     7
Armor: Leather armour    |     6 |       |       ||     6
       Ring mail         |     1 |    16 |    60 ||    77
Dodge: Dodged            |    17 |    36 |   151 ||   204

Table legend: (Time is in decaauts)
 A = Elapsed time spent in this place.
 B = Non-inter-level travel time spent in this place.
 C = Inter-level travel time spent in this place.
 D = Time resting spent in this place.
 E = Time spent auto-exploring this place.
 F = Levels seen in this place.
 G = Mean time per level.
                   A        B        C        D        E       F      G
               +--------+--------+--------+--------+--------+-----+--------+
         Total |   4485 |   4211 |    274 |     49 |   3359 |   8 |  560.6 |
       Dungeon |   3966 |   3707 |    259 |     49 |   3050 |   6 |  661.0 |
        Temple |    109 |     94 |     15 |      0 |     82 |   1 |  109.0 |
       Ossuary |    408 |    408 |      0 |      0 |    226 |   1 |  408.0 |
               +--------+--------+--------+--------+--------+-----+--------+

Top non-repeatable levels by time:
     D:5: 1276 daAuts
     D:1: 694 daAuts
     D:4: 668 daAuts
     D:2: 627 daAuts
     D:3: 508 daAuts
 Ossuary: 408 daAuts
     D:6: 191 daAuts
  Temple: 109 daAuts
